 Dungeon Crawl Stone Soup version 0.14-a0-836-g5210f43 (webtiles) character file.

76796 Jake482 the Destroyer (level 15, -2/90 HPs)
             Began as a Demonspawn Fire Elementalist on Nov 11, 2013.
             Was an Elder of Jiyva.
             Hit by a javelin of penetration thrown by a merfolk javelineer (8 damage)
             ... on Level 4 of the Shoals on Nov 12, 2013.
             The game lasted 11:05:14 (44653 turns).

Jake482 the Destroyer (DsFE)                       Turns: 44653, Time: 11:05:14

HP  -2/90        AC 12     Str 12      XL: 15   Next: 11%
MP  20/36        EV 16     Int 25      God: Jiyva [****..]
Gold 590         SH  4     Dex  9 (13) Spells:  8 memorised, 14 levels left

Res.Fire  : + . .   See Invis. : .   s - staff of energy
Res.Cold  : . . .   Warding    : .   m - +2 elf robe {Archmagi}
Life Prot.: + . .   Conserve   : .   (no shield)
Res.Poison: .       Res.Corr.  : +   c - +2 wizard hat {Int+3}
Res.Elec. : .       Clarity    : .   a - -1 cloak
Sust.Abil.: . .     Spirit.Shd : .   w - +0 pair of gauntlets
Res.Mut.  : .       Stasis     : .   k - +0 pair of boots
Res.Rott. : +       Flight     : +   L - amulet of the gourmand
Gourmand  : +                        n - +4 ring of evasion
                                     F - ring of positive energy

@: flying, somewhat resistant to hostile enchantments, quite stealthy
A: horns 1, talons 1, blurry vision 1, deterioration 1, fire resistance 1, fast
metabolism 1, foul stench 1, powered by pain 2, regeneration 1, saprovore 1,
wild magic 1, +3 accuracy, AC +3, SH +4, Int +2
a: Request Jelly, Jelly Paralyse, Slimify, Renounce Religion


You were on level 4 of the Shoals.
You worshipped Jiyva.
Jiyva was greatly pleased with you.
You were very full.

You visited 7 branches of the dungeon, and saw 35 of its levels.
You also visited: Ice Cave.

You collected 2272 gold pieces.
You spent 1682 gold pieces at shops.

Inventory:

Hand weapons
 u - a +2,+3 orcish whip of draining
 C - the +5,+10 short sword of Mauroqulu {holy, MR+ Dex+1}
   (You found it on level 2 of the Shoals)

   It has been blessed by the Shining One to cause great damage to the undead
   and demons.
   It affects your dexterity (+1).
   It affects your resistance to hostile enchantments.
Armour
 a - a -1 cloak (worn)
 c - a +2 wizard hat of intelligence (worn)
 k - a +0 pair of boots (worn)
 m - a +2 elven robe of the Archmagi (worn)
 w - a +0 pair of gauntlets (worn)
 H - a +1 robe of positive energy
Magical devices
 b - a wand of digging (2)
 g - a wand of hasting (5)
 h - a wand of teleportation (6)
 l - a wand of polymorph (13)
 o - a wand of enslavement (11)
 q - a wand of heal wounds (2)
 D - a wand of lightning (3)
Comestibles
 r - a bread ration
 z - 3 meat rations
Scrolls
 f - 7 scrolls of teleportation
 i - a scroll of enchant weapon III {unknown}
 j - 3 scrolls of fog
 t - 5 scrolls of remove curse
 v - 3 scrolls of enchant weapon I
 y - a scroll of fear
 A - a scroll of enchant armour
 B - a scroll of recharging
Jewellery
 n - a +4 ring of evasion (right hand)
 F - a ring of positive energy (left hand)
 L - an amulet of the gourmand (around neck)
Potions
 d - 2 potions of restore abilities
 e - 10 potions of curing
 p - a potion of speed
 x - a potion of flight
 E - a potion of berserk rage
 G - 4 potions of brilliance
 J - 6 potions of heal wounds
 K - a potion of invisibility
 M - 3 potions of magic
Magical staves
 s - an uncursed staff of energy (weapon)
Miscellaneous
 N - a sack of spiders


   Skills:
 - Level 7.0 Armour
 - Level 1.7 Dodging
 - Level 7.1 Stealth
 - Level 15.0 Spellcasting
 - Level 17.0 Conjurations
 - Level 1.0 Hexes
 - Level 5.1 Fire Magic
 + Level 2.2 Evocations


You had 14 spell levels left.
You knew the following spells:

 Your Spells              Type           Power        Failure   Level  Hunger
a - Flame Tongue          Conj/Fire      #####        1%          1    None
b - Conjure Flame         Conj/Fire      ########     1%          3    None
c - Throw Flame           Conj/Fire      ######       1%          2    None
d - Sticky Flame          Conj/Fire      ########     2%          4    None
e - Orb of Destruction    Conj           ########..   7%          7    None
f - Fireball              Conj/Fire      ########..   3%          5    None
g - Fulminant Prism       Conj/Hex       #######...   5%          5    None
h - Flight                Chrm/Air       #####.....   22%         3    None


Dungeon Overview and Level Annotations

Branches:
Dungeon (13/27)            Temple (1/1) D:5             Orc (4/4) D:6
    Elf (1/3) Orc:4          Lair (6/8) D:8          Shoals (4/5) Lair:6
  Snake (0/5) Lair:5        Slime (6/6) Lair:6
 Vaults: D:2-5          Zot: D:6

Altars:
Ashenzari
Cheibriados
Elyvilon
Fedhas
Kikubaaqudgha
Makhleb
Okawaru
Trog
Vehumet
Xom
Yredelemnul
the Shining One
Jiyva

Shops:
D:6 *   Orc:1 (   Orc:2 *   Orc:4 ![[!

Annotations:
Slime:6 Royal Jelly


Innate Abilities, Weirdness & Mutations

You have sharp toenails.
You are mostly covered in large bone plates (AC +3, SH +4).
You emit a foul stench, and are resistant to rotting and decay.
You sometimes gain power by taking damage.
You can tolerate rotten meat.
You have a pair of small horns on your head.
Your vision is a little blurry.
Your mind is acute. (Int +2)
Your body is slowly deteriorating.
Your flesh is heat resistant.
You have a fast metabolism.
Your natural rate of healing is unusually fast.
Your spells are a little harder to cast, but a little more powerful.
Your body is partially covered in golden eyeballs (Acc +3).


Message History

You see here a javelin of penetration.
The merfolk throws a tomahawk.
The tomahawk hits you!
The merfolk javelineer throws a javelin of penetration.
The javelin of penetration pierces through you!
Things that are here:
a tomahawk; a lajatang The merfolk throws a tomahawk.
The tomahawk hits you!
* * * LOW HITPOINT WARNING * * *
You focus on the pain.
You feel your power returning.
The merfolk javelineer throws a javelin of penetration.
The javelin of penetration pierces through you!
* * * LOW HITPOINT WARNING * * *
There is a stone staircase leading up, spattered with blood here.
Things that are here:
a tomahawk; 2 javelins of penetration The merfolk throws a tomahawk.
The tomahawk hits you!
* * * LOW HITPOINT WARNING * * *
The merfolk javelineer throws a javelin of penetration.
The javelin of penetration pierces through you!
You die...

≈≈≈..≈..≈≈≈≈≈≈≈≈≈≈≈≈
≈≈≈≈.....≈≈≈≈≈≈≈≈≈≈≈≈≈
≈≈≈..(........≈≈≈≈≈≈≈≈≈≈
≈≈...#....##...≈≈≈≈≈≈≈≈≈
≈≈.. ##...###...≈≈≈≈≈≈≈≈
≈≈...##....# ##...≈....≈≈
≈≈..≈......# #..........≈
≈≈≈.......## #..≈≈≈.....%
≈≈≈≈≈...(@## ##.≈{..##...
≈≈≈≈≈≈..(## #......# #..
≈≈≈≈≈≈≈≈.((# #.....(###..
≈≈≈≈≈≈≈≈..## #.###..≈..)..
≈≈≈≈≈≈≈≈.(# ##..# ##...≈%.≈
.≈≈≈≈≈≈≈(.m###.≈.####.......
..≈≈≈≈≈≈≈≈(≈.≈≈≈≈...(.≈≈≈≈≈≈
#.≈≈≈≈≈≈m≈≈≈≈≈≈≈≈≈≈≈...%.≈≈≈
##.≈≈≈≈≈≈≈≈≈≈≈≈≈≈≈≈≈≈..≈.≈≈≈


You could see a merfolk javelineer and a merfolk.

Vanquished Creatures
  A kraken (Shoals:2)
  Gastronok (Orc:1)
  Jorgrun (Shoals:4)
  A stone giant (Shoals:4)
  An ettin (Orc:4)
  A merfolk impaler (Shoals:2)
  The ghost of TZer0 the Executioner, a powerful LOBe of Trog (D:13)
  2 sirens
  Harold (Orc:2)
  2 hydras (Lair:5)
  3 ogre magi
  2 unseen horrors (D:12)
  5 sea snakes
  2 deep trolls (Orc:4)
  3 ice statues (IceCv)
  2 necromancers
  5 hill giants
  13 harpies
  A griffon (D:13)
  9 cyclopes
  5 black mambas
  A wolf spider (D:12)
  4 octopodes
  5 spiny frogs
  3 elephants (Lair:4)
  An item mimic (Lair:5)
  2 mermaids
  5 fire drakes
  6 komodo dragons
  A queen bee (Lair:5)
  3 hydra zombies
  8 two-headed ogres (Orc:4)
  8 blue devils (IceCv)
  A spriggan (D:10)
  9 trolls
  Sonja (Orc:2)
  A boulder beetle (Orc:4)
  9 snapping turtles
  A basilisk (Lair:4)
  A trapdoor spider (D:12)
  3 ugly things (D:11)
  5 sharks
  2 griffon skeletons
  2 wyverns
  A deep elf mage (Elf:1)
  2 elephant slugs
  4 hungry ghosts
  17 merfolk
  17 yaks
  A shadow (D:11)
  2 hill giant skeletons
  A steam dragon (D:13)
  5 manticores
  7 hippogriffs
  2 wraiths (D:10)
  The ghost of wojtek the Insei, an average MfTm (D:3)
  14 wolves
  Edmund (D:7)
  3 vampire mosquitoes
  8 orc warriors
  9 porcupines
  3 phantoms
  6 sky beasts
  4 nagas (Lair:5)
  A yellow wasp (D:10)
  16 ice beasts
  7 centaurs
  26 ogres
  6 crocodiles
  4 giant slugs (Lair:4)
  2 big kobolds
  5 wargs
  A brain worm (D:12)
  9 water moccasins
  12 giant frogs
  Blork the orc (D:9)
  A cyclops zombie (D:13)
  6 agate snails
  20 killer bees
  2 manticore skeletons
  An eye of draining (D:11)
  A wyvern skeleton (D:12)
  A troll zombie (D:10)
  9 wights
  A draconian simulacrum (IceCv)
  A troll skeleton (D:11)
  A yak skeleton (D:12)
  9 crimson imps
  2 centaur zombies
  10 hounds
  2 jellies
  2 gnoll shamans
  8 iguanas
  12 orc priests
  A giant frog zombie (D:7)
  4 scorpions
  A troll simulacrum (IceCv)
  A grizzly bear simulacrum (Lair:5)
  11 worker ants
  A sheep (Shoals:3)
  4 centaur simulacra (IceCv)
  20 orc wizards
  Ijyb (D:4)
  Terence (D:2)
  2 mummies
  18 gnolls
  39 green rats
  A worm zombie (D:5)
  2 giant centipedes
  An ogre simulacrum (IceCv)
  A steam dragon zombie (D:8)
  6 hound simulacra (Lair:5)
  18 adders
  6 giant mites
  An inept feature mimic (Lair:1)
  3 naga simulacra (IceCv)
  3 worms
  A giant centipede zombie (D:11)
  An iguana skeleton (D:7)
  An iguana zombie (D:7)
  5 giant eyeballs
  3 sheep simulacra (Lair:5)
  8 giant geckos
  An ooze (D:3)
  123 orcs
  A ball python (D:5)
  22 bats
  2 giant cockroaches
  21 hobgoblins
  27 kobolds
  18 quokkas
  A giant gecko skeleton (D:4)
  3 giant newts
  3 giant spores
  18 goblins
  29 jackals
  A kobold skeleton (D:4)
  2 kobold zombies (D:1)
  An orc skeleton (D:4)
  21 rats
  A rat simulacrum (Lair:5)
  A spectral orc (D:3)
  18 ballistomycetes
  3 fungi
  A plant (D:12)
  2 tentacles (Shoals:2)
916 creatures vanquished.

Vanquished Creatures (collateral kills)
  2 ugly things (D:11)
2 creatures vanquished.

Vanquished Creatures (others)
  3 acid blobs
  An azure jelly (Slime:6)
  2 ball lightnings (Slime:6)
  A harpy (Shoals:3)
  2 slime creatures (Slime:6)
  2 brown oozes
  An ugly thing (D:11)
  29 jellies
  2 spiders (Orc:1)
  3 sheep (Shoals:3)
  80 fulminant prisms
  A giant gecko (Lair:5)
  An ooze (Slime:4)
  2 bats (Shoals:3)
  2 giant spores (D:8)
  3 fungi (Lair:5)
  17 plants
  19 tentacles (Shoals:2)
  338 tentacle segments (Shoals:2)
509 creatures vanquished.

Grand Total: 1427 creatures vanquished

Notes
Turn   | Place    | Note
--------------------------------------------------------------
     0 | D:1      | Jake482, the Demonspawn Fire Elementalist, began the quest for the Orb.
     0 | D:1      | Reached XP level 1. HP: 13/13 MP: 3/3
   181 | D:1      | Reached skill level 3 in Fire Magic
   262 | D:1      | Gained mutation: You are partially covered in large bone plates (AC +2, SH +2). [demonic ancestry]
   262 | D:1      | Reached XP level 2. HP: 2/19 MP: 0/4
  1225 | D:2      | Noticed Terence
  1252 | D:2      | Killed Terence
  1252 | D:2      | Reached skill level 4 in Fire Magic
  1252 | D:2      | Gained mutation: You can tolerate rotten meat. [demonic ancestry]
  1252 | D:2      | Reached XP level 3. HP: 12/24 MP: 0/5
  1672 | D:2      | Learned a level 3 spell: Conjure Flame
  2202 | D:3      | Gained mutation: You have sharp toenails. [demonic ancestry]
  2202 | D:3      | Reached XP level 4. HP: 27/30 MP: 1/7
  2736 | D:3      | Noticed wojtek's ghost (average MfTm)
  2928 | D:4      | Noticed Ijyb
  3086 | D:4      | Reached skill level 5 in Fire Magic
  3193 | D:4      | Found a shimmering altar of Xom.
  3193 | D:4      | Found a radiant altar of Vehumet.
  3211 | D:4      | Became a worshipper of Vehumet
  3399 | D:4      | Reached XP level 5. HP: 15/35 MP: 1/9
  3629 | D:4      | Killed Ijyb
  3692 | D:5      | Entered Level 5 of the Dungeon
  3698 | D:4      | Learned a level 2 spell: Throw Flame
  3834 | D:5      | Noticed a sky beast
  4243 | D:5      | kriptosporidium: Not pictured : Jake being bad
  4557 | D:5      | Noticed a sky beast
  4714 | D:5      | Killed a sky beast
  4714 | D:5      | Reached XP level 6. HP: 32/41 MP: 2/14
  4821 | D:5      | Noticed a sky beast
  4858 | D:5      | Killed a sky beast
  4898 | D:5      | HP: 2/41 [something (9)]
  5154 | D:5      | Acquired Vehumet's first power
  5154 | D:5      | Offered knowledge of Magic Dart by Vehumet.
  5200 | D:5      | Found a staircase to the Ecumenical Temple.
  5221 | D:5      | Gained mutation: Your flesh is heat resistant. [potion of mutation]
  5221 | D:5      | Gained mutation: Your vision is a little blurry. [potion of mutation]
  5221 | D:5      | Gained mutation: Space occasionally distorts in your vicinity. [potion of mutation]
  5259 | Temple   | Entered the Ecumenical Temple
  5285 | Temple   | Gained mutation: You can breathe flames. [potion of mutation]
  5285 | Temple   | Gained mutation: Your body is slowly deteriorating. [potion of mutation]
  5286 | Temple   | Gained mutation: Your body is deteriorating. [potion of mutation]
  5480 | D:5      | Noticed an ogre
  5488 | D:5      | Killed an ogre
  5488 | D:5      | Gained mutation: You sometimes gain a little power by taking damage. [demonic ancestry]
  5488 | D:5      | Reached XP level 7. HP: 37/46 MP: 2/16
  5924 | D:5      | Learned a level 4 spell: Sticky Flame
  5955 | D:5      | Killed a sky beast
  6041 | D:6      | Reached skill level 5 in Conjurations
  6629 | D:5      | Reached skill level 6 in Conjurations
  7001 | D:6      | Offered knowledge of Sandblast by Vehumet.
  7001 | D:6      | Reached XP level 8. HP: 46/52 MP: 18/18
  7182 | D:6      | Reached skill level 7 in Conjurations
  7222 | D:6      | Paralysed by a giant eyeball for 2 turns
  7376 | D:6      | Found Ziophax's Assorted Antiques.
  7386 | D:6      | Bought a murky red potion for 18 gold pieces
  7388 | D:6      | Bought a potion of curing for 40 gold pieces
  7388 | D:6      | Bought 2 potions of heal wounds for 120 gold pieces
  7405 | D:6      | Found a staircase to the Orcish Mines.
  7552 | D:7      | Reached skill level 8 in Conjurations
  7554 | D:7      | Noticed Edmund
  7573 | D:7      | Killed Edmund
  7698 | D:7      | Lost mutation: Space occasionally distorts in your vicinity. [potion of cure mutation]
  7698 | D:7      | Lost mutation: You can breathe flames. [potion of cure mutation]
  7698 | D:7      | Lost mutation: Your vision is a little blurry. [potion of cure mutation]
  7698 | D:7      | Lost mutation: Your body is deteriorating. [potion of cure mutation]
  7698 | D:7      | Lost mutation: Your body is slowly deteriorating. [potion of cure mutation]
  7698 | D:7      | Lost mutation: Your flesh is heat resistant. [potion of cure mutation]
  7707 | D:7      | Learned a level 4 spell: Iskenderun's Mystic Blast
  7856 | D:7      | Reached skill level 9 in Conjurations
  8320 | D:7      | Offered knowledge of Searing Ray by Vehumet.
  8659 | D:7      | Gained mutation: You sometimes gain power by taking damage. [demonic ancestry]
  8659 | D:7      | Reached XP level 9. HP: 57/57 MP: 2/19
  9596 | D:8      | Reached skill level 10 in Conjurations
  9823 | D:8      | Found a staircase to the Lair.
  9835 | D:8      | Reached skill level 5 in Spellcasting
  9973 | D:8      | Acquired Vehumet's second power
 10295 | D:9      | Learned a level 5 spell: Fireball
 11012 | D:9      | Noticed Blork the orc
 11019 | D:9      | Killed Blork the orc
 11138 | D:9      | Offered knowledge of Throw Icicle by Vehumet.
 11408 | D:9      | Gained mutation: You are mostly covered in large bone plates (AC +3, SH +4). [demonic ancestry]
 11408 | D:9      | Reached XP level 10. HP: 33/63 MP: 3/25
 11952 | D:10     | Entered Level 10 of the Dungeon
 11954 | D:10     | Noticed a hill giant
 12497 | D:10     | Acquired Vehumet's third power
 12513 | D:10     | Offered knowledge of Mephitic Cloud by Vehumet.
 12752 | D:10     | Noticed a hill giant
 12765 | D:10     | Killed a hill giant
 12853 | D:10     | Reached skill level 10 in Spellcasting
 12861 | D:10     | Learned a level 5 spell: Fulminant Prism
 13226 | D:10     | Reached skill level 11 in Conjurations
 13975 | D:10     | Reached skill level 1 in Hexes
 14219 | D:10     | Paralysed by a giant eyeball for 4 turns
 14512 | D:10     | Gained mutation: You emit a foul stench, and are resistant to rotting and decay. [demonic ancestry]
 14512 | D:10     | Reached XP level 11. HP: 68/68 MP: 19/28
 15365 | D:3      | Killed wojtek's ghost
 15365 | D:3      | Reached skill level 12 in Conjurations
 15372 | D:3      | Found a basalt altar of Yredelemnul.
 16041 | D:10     | Paralysed by a yellow wasp for 1 turns
 16688 | D:11     | Noticed a hill giant
 16698 | D:11     | Killed a hill giant
 16829 | D:11     | Noticed a hill giant
 16865 | D:11     | Killed a hill giant
 16865 | D:11     | Reached skill level 13 in Conjurations
 17194 | D:11     | Gained mutation: You evolve. [mutagenic meat]
 17205 | D:11     | Noticed a hill giant
 17228 | D:11     | Killed a hill giant
 17355 | D:11     | Gained mutation: Your flesh is heat resistant. [evolution]
 17483 | Lair:1   | Entered Level 1 of the Lair of Beasts
 18378 | Lair:1   | Learned a level 7 spell: Orb of Destruction
 18556 | Lair:1   | Found an ancient bone altar of Kikubaaqudgha.
 18796 | Lair:1   | Offered knowledge of Bolt of Fire by Vehumet.
 18897 | Lair:1   | Reached skill level 14 in Conjurations
 19211 | Lair:1   | Got a smoking leather armour
 19212 | Lair:1   | Identified the cursed +0 leather armour of the Snake Pit {Str+4 Dam-1} (You found it on level 1 of the Lair of Beasts)
 20393 | Lair:1   | Identified a scroll of acquirement
 21700 | Lair:3   | Offered knowledge of Poison Arrow by Vehumet.
 21723 | Lair:3   | Reached XP level 12. HP: 32/74 MP: 4/29
 22013 | Lair:3   | Reached skill level 15 in Conjurations
 23626 | Lair:4   | Gained mutation: You have a pair of small horns on your head. [evolution]
 25144 | Lair:5   | Noticed a six-headed hydra
 25348 | Lair:5   | Reached skill level 16 in Conjurations
 26023 | Lair:5   | Offered knowledge of Delayed Fireball by Vehumet.
 26364 | Lair:5   | Gained mutation: You rapidly evolve. [evolution]
 27218 | Lair:5   | Reached skill level 17 in Conjurations
 27643 | Lair:5   | Found a staircase to the Snake Pit.
 27706 | Lair:5   | Killed a six-headed hydra
 28212 | Orc:1    | Entered Level 1 of the Orcish Mines
 28232 | Orc:1    | Noticed Gastronok
 28282 | Orc:1    | Killed Gastronok
 28282 | Orc:1    | Reached skill level 5 in Stealth
 28282 | Orc:1    | Reached XP level 13. HP: 79/79 MP: 1/30
 29020 | Orc:1    | Found Stuna's Weapon Boutique.
 29175 | Orc:2    | Noticed Harold
 29175 | Orc:2    | Noticed Sonja
 29861 | Orc:2    | Killed Sonja
 29880 | Orc:2    | Killed Harold
 30065 | Orc:2    | Found Fruaquv's General Store.
 30072 | Orc:2    | Bought a wand of teleportation (6) for 300 gold pieces
 30150 | Orc:3    | Found a frozen archway.
 30274 | IceCv    | Entered an ice cave
 30567 | IceCv    | Gained mutation: Your body is slowly deteriorating. [evolution]
 30567 | IceCv    | Lost mutation: You rapidly evolve. [end of evolution]
 30688 | IceCv    | Offered knowledge of Conjure Ball Lightning by Vehumet.
 31083 | IceCv    | Got a smoking great sword
 31084 | IceCv    | Identified the cursed +1,-2 great sword "Grazeck" {slice, rC+} (You found it in an ice cave)
 31398 | Orc:4    | Entered Level 4 of the Orcish Mines
 31700 | Orc:4    | Found Stef's Distillery.
 32240 | Orc:4    | Found Wefomank's Armour Shop.
 32584 | Orc:4    | Found Sidefr Orihu's Magic Scroll Emporium.
 32842 | Orc:4    | Found Tisicver's Armour Boutique.
 32854 | Orc:4    | Found Plycsej's Distillery.
 32855 | Orc:4    | Bought a scroll of blinking for 60 gold pieces
 32855 | Orc:4    | Bought a scroll of blinking for 60 gold pieces
 32855 | Orc:4    | Bought a scroll of fog for 22 gold pieces
 32855 | Orc:4    | Bought a scroll of fog for 22 gold pieces
 32855 | Orc:4    | Bought a scroll of identify for 22 gold pieces
 32855 | Orc:4    | Bought a scroll of fear for 38 gold pieces
 32947 | Orc:4    | Bought a potion of invisibility for 71 gold pieces
 32947 | Orc:4    | Bought a potion of magic for 91 gold pieces
 32947 | Orc:4    | Bought a potion of porridge for 13 gold pieces
 32947 | Orc:4    | Bought a potion of brilliance for 32 gold pieces
 32947 | Orc:4    | Bought 2 potions of curing for 52 gold pieces
 32947 | Orc:4    | Bought a potion of curing for 26 gold pieces
 32947 | Orc:4    | Bought a potion of brilliance for 32 gold pieces
 32947 | Orc:4    | Bought a potion of heal wounds for 39 gold pieces
 33423 | Orc:4    | Bought a +2 elven robe of the Archmagi for 403 gold pieces
 33502 | Orc:4    | Bought a potion of heal wounds for 39 gold pieces
 33502 | Orc:4    | Bought a potion of curing for 26 gold pieces
 33502 | Orc:4    | Bought a potion of heal wounds for 39 gold pieces
 33502 | Orc:4    | Bought a potion of heal wounds for 39 gold pieces
 33502 | Orc:4    | Bought a potion of mutation for 39 gold pieces
 33502 | Orc:4    | Bought a potion of mutation for 39 gold pieces
 33503 | Orc:4    | Gained mutation: Your mind is acute. (Int +2) [potion of mutation]
 33503 | Orc:4    | Gained mutation: Your vision is a little blurry. [potion of mutation]
 33504 | Orc:4    | Gained mutation: You are weak. (Str -2) [potion of mutation]
 33504 | Orc:4    | Gained mutation: You have a fast metabolism. [potion of mutation]
 33504 | Orc:4    | Gained mutation: Your natural rate of healing is unusually fast. [potion of mutation]
 34268 | Orc:4    | Offered knowledge of Bolt of Draining by Vehumet.
 34341 | Orc:4    | Found a staircase to the Elven Halls.
 34375 | Orc:4    | Jake482: Random anon spectating. Do you know if I should explore the elven halls, Lair 4, or Dungeon 12?
 34375 | Orc:4    | Jake482: Or Snake Pits
 34375 | Orc:4    | Jake482: 'cause I have no clue.
 34581 | D:12     | Found a blossoming altar of Fedhas.
 34581 | D:12     | Noticed an ogre mage
 34584 | D:12     | Killed an ogre mage
 34709 | D:12     | Killed an unseen horror
 35219 | D:12     | Reached XP level 14. HP: 85/85 MP: 21/33
 35387 | D:12     | Noticed an unseen horror
 35388 | D:12     | Killed an unseen horror
 36101 | D:12     | Found an iron altar of Okawaru.
 36144 | D:13     | Noticed TZer0's ghost (powerful LOBe)
 36605 | D:13     | Found a bloodstained altar of Trog.
 36627 | D:13     | Killed TZer0's ghost
 37035 | Lair:1   | Jake482: I am going to continue texting here
 37035 | Lair:1   | Jake482: 10 15
 37037 | Lair:1   | Jake482: I CAN LEARN DRAGON FORM
 37037 | Lair:1   | Jake482: LOL
 37039 | Lair:1   | Jake482: Yes
 37039 | Lair:1   | Jake482: Yes
 37041 | Lair:1   | Jake482: >10% chance to fail reading scrolls
 37041 | Lair:1   | Jake482: >twice in a roll
 37043 | Lair:1   | Jake482: >4 in a row
 37043 | Lair:1   | Jake482: Noi, what are these odds
 37063 | D:8      | Jake482: OH GOD WHAT HAPPENED HERE
 37215 | D:8      | Jake482: They are spores. I don't know what they do, but I don't plan to find out
 37215 | D:8      | Jake482: I plan to kill this fungus colony so I'm not trapped while traveling
 37215 | D:8      | Jake482: It was indeed growing mushrooms everywhere
 37758 | D:8      | Jake482: mushroom exploded
 37758 | D:8      | Jake482: released spores in a line
 37758 | D:8      | Jake482: yep
 38094 | D:8      | Jake482: bye all then
 38094 | D:8      | Jake482: I defeated the fungus
 38094 | D:8      | Jake482: overgrowing everything
 38094 | D:8      | Jake482: so hoorah
 38094 | D:8      | Jake482: I think I'll save and quit here too.
 38094 | D:8      | Upgraded the game from 0.14-a0-805-gc239e29 to 0.14-a0-817-g3f7b0b1
 38287 | Elf:1    | Entered Level 1 of the Elven Halls
 38640 | Lair:5   | Upgraded the game from 0.14-a0-817-g3f7b0b1 to 0.14-a0-836-g5210f43
 38820 | Lair:6   | Found a staircase to the Slime Pits.
 39271 | Lair:6   | Found a staircase to the Shoals.
 39460 | Lair:6   | Found a viscous altar of Jiyva.
 39613 | Lair:6   | Fell from the grace of Vehumet
 39613 | Lair:6   | Became a worshipper of Jiyva Jeuduacs the Shapeless
 39616 | Slime:1  | Entered Level 1 of the Pits of Slime
 39631 | Slime:1  | Noticed an acid blob
 39834 | Slime:2  | Noticed an acid blob
 39855 | Slime:2  | Killed an acid blob
 40141 | Slime:4  | Noticed an acid blob
 40147 | Slime:4  | Noticed an acid blob
 40162 | Slime:4  | Noticed an acid blob
 40252 | Slime:5  | Noticed an acid blob
 40299 | Slime:5  | Noticed an acid blob
 40339 | Slime:6  | Entered Level 6 of the Pits of Slime
 40339 | Slime:6  | Noticed an azure jelly
 40502 | Slime:6  | Noticed an acid blob
 40511 | Slime:6  | Found a viscous altar of Jiyva.
 40513 | Slime:6  | Noticed an acid blob
 40513 | Slime:6  | Noticed the royal jelly
 40514 | Slime:6  | Noticed an acid blob
 40515 | Slime:6  | Noticed an azure jelly
 40515 | Slime:6  | Noticed an acid blob
 40520 | Slime:6  | Noticed an acid blob
 40524 | Slime:6  | Killed an acid blob
 40526 | Slime:6  | Killed an acid blob
 40527 | Slime:6  | Noticed an acid blob
 40535 | Slime:6  | Killed an azure jelly
 40561 | Slime:6  | Noticed an acid blob
 40801 | Shoals:1 | Entered Level 1 of the Shoals
 40957 | Lair:1   | Learned a level 3 spell: Flight
 41418 | Shoals:1 | Lost mutation: You are weak. (Str -2) [evolution]
 41418 | Shoals:1 | Lost mutation: You evolve. [end of evolution]
 41610 | Shoals:2 | Acquired Jiyva's first power
 41767 | Shoals:2 | Acquired Jiyva's second power
 41923 | Shoals:2 | HP: 4/85 [merfolk/trident (17)]
 42575 | Shoals:2 | Noticed a kraken
 42674 | Shoals:2 | Killed a kraken
 42674 | Shoals:2 | Reached skill level 15 in Spellcasting
 42771 | Shoals:2 | Gained mutation: Your spells are a little harder to cast, but a little more powerful. [Jiyva's grace]
 42898 | Shoals:2 | Reached skill level 1 in Armour
 43101 | Shoals:2 | Got a smoking short sword
 43102 | Shoals:2 | Identified the +5,+10 short sword of Mauroqulu {holy, MR+ Dex+1} (You found it on level 2 of the Shoals)
 43935 | Shoals:3 | Reached skill level 5 in Armour
 43960 | Shoals:3 | Acquired Jiyva's third power
 43992 | Shoals:3 | Gained mutation: Your body is partially covered in golden eyeballs (Acc +3). [Jiyva's grace]
 44196 | Shoals:3 | Reached XP level 15. HP: 90/90 MP: 21/36
 44379 | Shoals:4 | Noticed Jorgrun
 44393 | Shoals:4 | Killed Jorgrun
 44545 | Shoals:4 | Reached skill level 1 in Evocations
 44653 | Shoals:4 | Hit by a javelin of penetration thrown by a merfolk javelineer

Action                   |  1- 3 |  4- 6 |  7- 9 | 10-12 | 13-15 || total
-------------------------+-------+-------+-------+-------+-------++-------
Melee: Short sword       |     9 |     1 |       |       |       ||    10
       Whip              |       |    55 |    46 |       |       ||   101
       Staff             |       |       |     5 |    19 |    73 ||    97
 Cast: Flame Tongue      |    70 |   109 |   195 |   278 |   150 ||   802
       Conjure Flame     |     1 |    14 |    13 |    29 |     3 ||    60
       Throw Flame       |       |     7 |    80 |   103 |   120 ||   310
       Sticky Flame      |       |       |    14 |    56 |    50 ||   120
       Iskenderun's Myst |       |       |    40 |    11 |       ||    51
       Fireball          |       |       |     9 |   118 |   125 ||   252
       Fulminant Prism   |       |       |       |    59 |    23 ||    82
       Orb of Destructio |       |       |       |    88 |   186 ||   274
       Flight            |       |       |       |       |    17 ||    17
Invok: Request Jelly     |       |       |       |       |     1 ||     1
 Abil: Breathe Fire      |       |       |     1 |       |       ||     1
Evoke: Wand              |       |     1 |     2 |    14 |     1 ||    18
       Miscellaneous     |       |       |     1 |     1 |       ||     2
  Use: Scroll            |     5 |     8 |     7 |    17 |    11 ||    48
       Potion            |     3 |    10 |     4 |     8 |     7 ||    32
